 Dungeon Crawl Stone Soup version 0.30-a0-779-g7971cf19c3 (webtiles) character file.

Game seed: 5846463318409831707

1083 Darius099 the Cleaver (level 8, -3/64 HPs)
             Began as a Minotaur Fighter on Feb 17, 2023.
             Was an Initiate of Okawaru.
             Slain by spacey5's ghost (17 damage)
             ... on level 6 of the Dungeon.
             The game lasted 00:12:43 (3355 turns).

Darius099 the Cleaver (Minotaur Fighter)            Turns: 3355, Time: 00:12:43

Health: -3/64      AC: 10    Str: 24    XL:     8   Next: 8%
Magic:  7/7        EV: 11    Int:  5    God:    Okawaru [......]
Gold:   286        SH:  8    Dex:  9    Spells: 7/7 levels left

rFire   . . .      SeeInvis .    a - +0 war axe
rCold   . . .      Faith    .    h - +0 kite shield
rNeg    . . .      Spirit   .    v - +0 chain mail
rPois   .          Reflect  .    (helmet restricted)
rElec   .          Harm     .    (no cloak)
rCorr   .          Rampage  .    t - +0 pair of gloves
Will    .....                    (no boots) Stlth
                                 (no amulet)
HPRegen 0.30/turn                c - +5 ring of evasion
MPRegen 0.10/turn                (no ring)

@: no status effects
A: horns 2, retaliatory headbutt
a: Renounce Religion


You were on level 6 of the Dungeon.
You worshipped Okawaru.
Okawaru was noncommittal.
You visited 1 branch of the dungeon, and saw 5 of its levels.

You collected 286 gold pieces.

Inventory:

Hand Weapons
 a - a +0 war axe (weapon)
Missiles
 g - 79 stones (quivered)
Armour
 h - a +0 kite shield (worn)
 t - a +0 pair of gloves (worn)
 v - a +0 chain mail (worn)
Jewellery
 c - a +5 ring of evasion (left hand)
Wands
 y - a wand of iceblast (5)
Scrolls
 j - 7 scrolls of identify {unknown}
 l - a scroll of poison {unknown}
 m - 3 scrolls of amnesia {unknown}
 n - 3 scrolls of teleportation {unknown}
 p - 2 scrolls of vulnerability {unknown}
 q - a scroll of acquirement {unknown}
 r - a scroll of fear {unknown}
 u - a scroll of fog {unknown}
 x - a scroll of torment {unknown}
Potions
 b - 3 potions of brilliance {unknown}
 d - a potion of might
 e - a potion of magic {unknown}
 f - 6 potions of curing {unknown}
 i - a potion of mutation {unknown}
 k - a potion of berserk rage {unknown}
 o - a potion of ambrosia {unknown}
 s - a potion of resistance {unknown}
 w - 2 potions of invisibility {unknown}


   Skills:
 - Level 3.6 Fighting
 + Level 11.5 Axes
 - Level 3.6 Armour
 - Level 3.6 Shields


You had 7 spell levels left.
You didn't know any spells.
Your spell library contained the following spells:

 Spells                   Type           Power      Damage    Failure   Level
 Slow                     Hex            0%         N/A       100%        1
 Confusing Touch          Hex            0%         N/A       100%        3
 Vampiric Draining        Necr           0%         2d6       100%        3


Dungeon Overview and Level Annotations

Branches:
Dungeon (6/15)             Temple (0/1) D:6

Altars:
Nemelex Xobeh
Okawaru
Qazlal
Yredelemnul

Shops:
D:1 !   D:2 =

Annotations:
D:3 2 transporters, browni3141's ghost, amateur HuVM
D:6 spacey5's ghost, novice MiFi


Innate Abilities, Weirdness & Mutations

You have a pair of horns on your head.
You reflexively headbutt those who attack you in melee.


Message History

Spacey5's ghost is heavily damaged.
You block spacey5's ghost's attack.
You hit spacey5's ghost but do no damage.
Spacey5's ghost is heavily damaged.
Spacey5's ghost hits you!
You barely miss spacey5's ghost.
Spacey5's ghost is heavily damaged.
Spacey5's ghost closely misses you.
You hit spacey5's ghost.
Spacey5's ghost is heavily damaged.
Spacey5's ghost hits you but does no damage.
You barely miss spacey5's ghost.
Spacey5's ghost is heavily damaged.
Spacey5's ghost whispers, "Trust me.
Just give in."
Spacey5's ghost barely misses you. You furiously retaliate!
You headbutt spacey5's ghost! You block spacey5's ghost's attack.
You closely miss spacey5's ghost.
Spacey5's ghost is heavily damaged.
You block spacey5's ghost's attack.
You hit spacey5's ghost but do no damage.
Spacey5's ghost is heavily damaged.
Spacey5's ghost whispers, "There is no future for you."
Spacey5's ghost hits you!
* * * LOW HITPOINT WARNING * * *
You hit spacey5's ghost but do no damage.
Spacey5's ghost is heavily damaged.
Spacey5's ghost closely misses you.
You hit spacey5's ghost. Your headbutt misses spacey5's ghost.
Spacey5's ghost is heavily damaged.
Spacey5's ghost hits you but does no damage.
You slash spacey5's ghost! Your headbutt misses spacey5's ghost.
Spacey5's ghost is severely damaged.
You block spacey5's ghost's attack.
You slash spacey5's ghost! You headbutt spacey5's ghost!
Spacey5's ghost is almost destroyed.
Spacey5's ghost hits you but does no damage.
You barely miss spacey5's ghost. Your headbutt misses spacey5's ghost.
Spacey5's ghost is almost destroyed.
Spacey5's ghost hits you!
You die...

#..###..###### #...#
#..# ##......###...#
##.## ######.......#
##..## #####...#
.....# #####...#
##...# #.......#
##.#.###########...#
........#~!~~~~W..##
........########@##
.................#
......####.......#
......# #.......#
......# #########
......# ......#
......# .>....#


You could see spacey5's ghost.

Vanquished Creatures
  A human (D:6)
  An ogre (D:5)
  A necrophage (D:6)
  A bullfrog (D:6)
  2 scorpions
  4 wights (D:6)
  2 jellies (D:5)
  2 orc priests
  A hound (D:5)
  A human zombie (D:6)
  An orc wizard (D:3)
  7 gnolls
  7 adders
  A white imp (D:5)
  A worm (D:3)
  5 dart slugs
  9 orcs
  4 endoplasms
  A giant cockroach (D:2)
  3 goblins
  2 hobgoblins
  2 jackals (D:3)
  2 kobolds
  A quokka (D:2)
  8 ball pythons
  3 bats
  2 frilled lizards
  3 rats
78 creatures vanquished.

Notes
Turn   | Place    | Note
-------+----------+-------------------------------------------
     0 | D:1      | Darius099 the Minotaur Fighter began the quest for the Orb.
     0 | D:1      | Reached XP level 1. HP: 19/19 MP: 0/0
   217 | D:1      | Reached skill level 3 in Axes
   366 | D:1      | Reached XP level 2. HP: 26/26 MP: 1/1
   591 | D:1      | Found Daphopn's Distillery.
   865 | D:2      | Reached skill level 4 in Axes
   882 | D:2      | Found Rurchupn's One-of-a-Kind Rings.
   980 | D:2      | Reached XP level 3. HP: 31/31 MP: 2/2
  1019 | D:2      | Noticed a floating eye
  1021 | D:2      | Found a faded altar of an unknown god.
  1023 | D:2      | Noticed a floating eye
  1024 | D:2      | Noticed a shining eye
  1024 | D:2      | Noticed a floating eye
  1045 | D:2      | Found a sparkling altar of Nemelex Xobeh.
  1332 | D:2      | Reached skill level 5 in Axes
  1363 | D:2      | Reached XP level 4. HP: 32/39 MP: 3/3
  1628 | D:3      | Reached skill level 6 in Axes
  1745 | D:3      | Reached XP level 5. HP: 45/45 MP: 4/4
  1892 | D:3      | Found a transporter.
  1892 | D:3      | Noticed browni3141's ghost (amateur HuVM)
  1911 | D:3      | Found a transporter.
  1923 | D:3      | You fall into a shaft and drop 2 floors!
  1923 | D:5      | Entered Level 5 of the Dungeon
  1950 | D:5      | Reached skill level 7 in Axes
  2077 | D:5      | Noticed an ogre
  2086 | D:5      | Killed an ogre
  2087 | D:5      | Reached skill level 8 in Axes
  2087 | D:5      | Reached XP level 6. HP: 37/51 MP: 5/5
  2638 | D:5      | Reached skill level 9 in Axes
  2739 | D:6      | Reached XP level 7. HP: 57/57 MP: 6/6
  2774 | D:6      | Reached skill level 10 in Axes
  2868 | D:6      | Found an iron altar of Okawaru.
  2875 | D:6      | Became a worshipper of Warmaster Okawaru
  2904 | D:6      | Found a stormy altar of Qazlal.
  2993 | D:6      | Found a staircase to the Ecumenical Temple.
  3093 | D:6      | Found a runed translucent door.
  3094 | D:6      | Noticed spacey5's ghost (novice MiFi)
  3185 | D:6      | Found a runed translucent door.
  3185 | D:6      | Noticed a human
  3188 | D:6      | Found a basalt altar of Yredelemnul.
  3214 | D:6      | Killed a human
  3215 | D:6      | Reached skill level 11 in Axes
  3215 | D:6      | Reached XP level 8. HP: 57/64 MP: 7/7
  3355 | D:6      | Slain by spacey5's ghost

Illustrated notes

Levels and vault maps discovered:
D:1:      saegor_arrival_simple_c, layout_loops_corners, serial_shops,
          nicolae_square_shop, minmay_shallow_snake_nest
D:2:      layout_basic, basic_altar, hellmonk_ecumenical_altar_watching_god,
          nicolae_shop_unique_rings
D:3:      layout_loops_ring, gammafunk_ghost_arena
D:5:      layout_basic, nicolae_figureground_sparkle
D:6:      layout_rooms, dk_yredelemnul_ordeal, okawaru_trees_1,
          mainiacjoe_overflow_concentric_impassable,
          minmay_temple_entry_offerings, ebering_ghost_sewer_d

Skill      XL: |  1  2  3  4  5  6  7 |
---------------+----------------------+-----
Axes           | 3 4 5 6 8 9 11 | 11.5
Fighting       | |  3.6
Armour         | |  3.6
Shields        | |  3.6

Action                     |  1- 3 |  4- 6 |  7- 9 || total
---------------------------+-------+-------+-------++-------
  Melee: War axe           |    57 |    71 |    72 ||   200
         Headbutt          |     5 |    11 |    13 ||    29
  Throw: Stone             |     1 |       |       ||     1
 Armour: Scale mail        |    20 |    15 |       ||    35
         Chain mail        |       |     4 |    18 ||    22
  Dodge: Dodged            |    47 |    35 |    21 ||   103
  Block: Kite shield       |    24 |    28 |    26 ||    78

Table legend: (Time is in decaauts)
 A = Elapsed time spent in this place.
 B = Non-inter-level travel time spent in this place.
 C = Inter-level travel time spent in this place.
 D = Time resting spent in this place.
 E = Time spent auto-exploring this place.
 F = Levels seen in this place.
 G = Mean time per level.
                   A        B        C        D        E       F      G
               +--------+--------+--------+--------+--------+-----+--------+
         Total |   3412 |   3239 |    173 |    211 |   2029 |   5 |  682.4 |
       Dungeon |   3412 |   3239 |    173 |    211 |   2029 |   5 |  682.4 |
               +--------+--------+--------+--------+--------+-----+--------+

Top non-repeatable levels by time:
     D:1: 840 daAuts
     D:5: 823 daAuts
     D:2: 801 daAuts
     D:6: 629 daAuts
     D:3: 317 daAuts
